PBL
WINDY CITY THUNDERBOLTS @ HAMILTON CARDINALS
09/27/2044
 
TOP OF THE 1ST
Windy City ThunderBolts batting - Pitching for Hamilton Cardinals : RHP Rafael Montano
Pitching: RHP Rafael Montano
Batting: LHB Adam Tarbutton 0-0: Ball
1-0: Swinging Strike
1-1: Foul Ball, location: 2F
1-2: Strikes out looking
Batting: LHB Matt Hyde 0-0: Called Strike
0-1: Fly out, F9 (Flyball, 9, EV 93.8 MPH)
Batting: LHB Larry Myers 0-0: Called Strike
0-1: Ball
1-1: Ball
2-1: Foul Ball, location: 2F
2-2: Ball
3-2: Foul Ball, location: 2F
3-2: Base on Balls
Batting: LHB Justin Stickney 0-0: Ball
1-0: Foul Ball, location: 2F
1-1: Swinging Strike
1-2: Strikes out swinging
Top of the 1st over - 0 runs, 0 hits, 0 errors, 1 left on base; Windy City 0 - Hamilton 0
BOTTOM OF THE 1ST
Hamilton Cardinals batting - Pitching for Windy City ThunderBolts : RHP Ryan Burson
Pitching: RHP Ryan Burson
Batting: RHB Nick Latulippe 0-0: Foul Ball, location: 2F
0-1: Ball
1-1: Ball
2-1: Ball
3-1: Base on Balls
Batting: RHB Tyler Walker 0-0: Called Strike
Nick Latulippe is caught stealing 2nd base 2-4
0-1: Called Strike
0-2: Foul Ball, location: 2F
0-2: Ball
1-2: Foul Ball, location: 2F
1-2: Ground out 6-3 (Groundball, 6, EV 106.2 MPH)
Batting: LHB Travis Ruppel 0-0: Foul Ball, location: 2F
0-1: Called Strike
0-2: Ball
1-2: Ball
2-2: Ball
3-2: Base on Balls
Batting: RHB Chris LaReau 0-0: Foul Ball, location: 2F
0-1: Ball
1-1: Called Strike
1-2: Ground out 1-3 (Groundball, 23, EV 65.0 MPH)
Bottom of the 1st over - 0 runs, 0 hits, 0 errors, 1 left on base; Windy City 0 - Hamilton 0
TOP OF THE 2ND
Windy City ThunderBolts batting - Pitching for Hamilton Cardinals : RHP Rafael Montano
Batting: RHB Josiah Wright 0-0: Foul Ball, location: 2F
0-1: Called Strike
0-2: Ball
1-2: DOUBLE (Flyball, 89XD, EV 96.9 MPH)
Batting: LHB Eddie Reyes 0-0: Ball
1-0: Foul Ball, location: 2F
1-1: Foul Ball, location: 2F
1-2: Foul Ball, location: 2F
1-2: Ball
2-2: Ball
Wild Pitch!
Josiah Wright to third
3-2: Foul Ball, location: 2F
3-2: Ground out 1-3 (Groundball, 13S, EV 64.4 MPH)
Batting: RHB Vladmiri Nugaibekov 0-0: Swinging Strike
0-1: Foul Ball, location: 2F
0-2: Ball
1-2: Strikes out swinging
Batting: SHB Alfie Bungledorf 0-0: Fly out, F8 (Flyball, 8RXD, EV 89.4 MPH)
Top of the 2nd over - 0 runs, 1 hit, 0 errors, 1 left on base; Windy City 0 - Hamilton 0
BOTTOM OF THE 2ND
Hamilton Cardinals batting - Pitching for Windy City ThunderBolts : RHP Ryan Burson
Batting: LHB Jorge Zarazua 0-0: Ball
1-0: Called Strike
1-1: Fly out, F8 (Flyball, 78M, EV 90.0 MPH)
Batting: RHB Richard Riggs 0-0: Ball
1-0: Ground out 4-3 (Groundball, 4, EV 81.9 MPH)
Batting: LHB Ivan Cortez 0-0: Called Strike
0-1: Foul Ball, location: 2F
0-2: Strikes out swinging
Bottom of the 2nd over - 0 runs, 0 hits, 0 errors, 0 left on base; Windy City 0 - Hamilton 0
TOP OF THE 3RD
Windy City ThunderBolts batting - Pitching for Hamilton Cardinals : RHP Rafael Montano
Batting: RHB Mario Gomez 0-0: Ball
1-0: Ball
2-0: Called Strike
2-1: Ball
3-1: Swinging Strike
3-2: Foul Ball, location: 2F
3-2: Strikes out swinging
Batting: LHB Adam Tarbutton 0-0: Called Strike
0-1: Called Strike
0-2: Foul Ball, location: 2F
0-2: Ground out U3 (Groundball, 3, EV 85.0 MPH)
Batting: LHB Matt Hyde 0-0: Ball
1-0: Ball
2-0: SINGLE (Groundball, 4MD, EV 106.2 MPH)
Batting: LHB Larry Myers 0-0: Ball
1-0: SINGLE (Groundball, 56S, EV 73.1 MPH) (infield hit)
Matt Hyde to second
Batting: LHB Justin Stickney 0-0: Foul Ball, location: 2F
0-1: Ball
1-1: Ball
2-1: Foul Ball, location: 2F
2-2: Fly out, F8 (Flyball, 8LD, EV 87.5 MPH)
Top of the 3rd over - 0 runs, 2 hits, 0 errors, 2 left on base; Windy City 0 - Hamilton 0
BOTTOM OF THE 3RD
Hamilton Cardinals batting - Pitching for Windy City ThunderBolts : RHP Ryan Burson
Batting: RHB Joe Myers 0-0: Ball
1-0: Ball
2-0: Called Strike
2-1: Called Strike
2-2: Ground out U3 (Groundball, 3, EV 109.4 MPH)
Batting: RHB Edgar Klockow 0-0: Called Strike
0-1: Ball
1-1: Ball
2-1: Ball
3-1: Foul Ball, location: 2F
3-2: Strikes out swinging
Batting: RHB Nick Latulippe 0-0: Called Strike
0-1: Ground out 3-1 (Groundball, 34S, EV 83.8 MPH)
Bottom of the 3rd over - 0 runs, 0 hits, 0 errors, 0 left on base; Windy City 0 - Hamilton 0
TOP OF THE 4TH
Windy City ThunderBolts batting - Pitching for Hamilton Cardinals : RHP Rafael Montano
Batting: RHB Josiah Wright 0-0: Ball
1-0: Called Strike
1-1: Foul Ball, location: 2F
1-2: Ground out 5-3 (Groundball, 5, EV 91.9 MPH)
Batting: LHB Eddie Reyes 0-0: Ball
1-0: Ground out U3 (Groundball, 34, EV 83.1 MPH)
Batting: RHB Vladmiri Nugaibekov 0-0: Ground out 4-3 (Groundball, 34, EV 91.2 MPH)
Top of the 4th over - 0 runs, 0 hits, 0 errors, 0 left on base; Windy City 0 - Hamilton 0
BOTTOM OF THE 4TH
Hamilton Cardinals batting - Pitching for Windy City ThunderBolts : RHP Ryan Burson
Batting: RHB Tyler Walker 0-0: Ball
1-0: Swinging Strike
1-1: Foul Ball, location: 2F
1-2: Ball
2-2: SINGLE (Groundball, 56S, EV 70.6 MPH) (infield hit)
Batting: LHB Travis Ruppel 0-0: Ball
1-0: Ball
2-0: Called Strike
2-1: Ground out 4-3 (Groundball, 34S, EV 71.2 MPH)
Tyler Walker to second
Batting: RHB Chris LaReau 0-0: Called Strike
0-1: Swinging Strike
0-2: Ground out 4-3 (Groundball, 34, EV 87.5 MPH)
Tyler Walker to third
Batting: LHB Jorge Zarazua 0-0: Ground out 6-3 (Groundball, 6, EV 105.6 MPH)
Bottom of the 4th over - 0 runs, 1 hit, 0 errors, 1 left on base; Windy City 0 - Hamilton 0
TOP OF THE 5TH
Windy City ThunderBolts batting - Pitching for Hamilton Cardinals : RHP Rafael Montano
Batting: SHB Alfie Bungledorf 0-0: Ball
1-0: Foul Ball, location: 2F
1-1: Foul Ball, location: 2F
1-2: Ball
2-2: Ball
3-2: Strikes out swinging
Batting: RHB Mario Gomez 0-0: Ball
1-0: Foul Ball, location: 2F
1-1: Called Strike
1-2: Ball
2-2: Foul Ball, location: 2F
2-2: Strikes out swinging
Batting: LHB Adam Tarbutton 0-0: Foul Ball, location: 2F
0-1: Foul Ball, location: 2F
0-2: Foul Ball, location: 2F
0-2: Ball
1-2: Ball
2-2: Foul Ball, location: 2F
2-2: Ground out 6-3 (Groundball, 6D, EV 81.2 MPH)
Top of the 5th over - 0 runs, 0 hits, 0 errors, 0 left on base; Windy City 0 - Hamilton 0
BOTTOM OF THE 5TH
Hamilton Cardinals batting - Pitching for Windy City ThunderBolts : RHP Ryan Burson
Batting: RHB Richard Riggs 0-0: Ball
1-0: SINGLE (Flyball, 78S, EV 86.9 MPH)
Batting: LHB Ivan Cortez 0-0: Foul Ball, location: 2F
0-1: Fly out, F7 (Flyball, 78S, EV 85.6 MPH)
Batting: RHB Joe Myers 0-0: Ball
Richard Riggs is caught stealing 2nd base 2-4
1-0: Foul Ball, location: 2F
1-1: Ball
2-1: Ground out 6-3 (Groundball, 6M, EV 91.9 MPH)
Bottom of the 5th over - 0 runs, 1 hit, 0 errors, 0 left on base; Windy City 0 - Hamilton 0
TOP OF THE 6TH
Windy City ThunderBolts batting - Pitching for Hamilton Cardinals : RHP Rafael Montano
Pitching: LHP Andy Fitzsimmons
Batting: LHB Matt Hyde 0-0: SINGLE (Line Drive, 89M, EV 98.1 MPH)
Batting: LHB Larry Myers
Pinch Hitting: RHB Adan Lake 0-0: Ball
1-0: Called Strike
1-1: Called Strike
1-2: Ball
2-2: Foul Ball, location: 2F
2-2: Ball
3-2: SINGLE (Line Drive, 6MD, EV 95.6 MPH)
Matt Hyde to second
Batting: LHB Justin Stickney 0-0: Ball
1-0: Fly out, F7 (Flyball, 7D, EV 89.4 MPH)
Batting: RHB Josiah Wright 0-0: Called Strike
0-1: Ball
1-1: Swinging Strike
1-2: Foul Ball, location: 2F
1-2: Strikes out looking
Pinch Hitting: RHB Armando Vazquez 0-0: Ball
1-0: Ball
2-0: Called Strike
2-1: Foul Ball, location: 2F
2-2: Ball
3-2: Base on Balls
Matt Hyde to third
Adan Lake to second
Batting: RHB Vladmiri Nugaibekov 0-0: Ball
1-0: Fly out, F5 (Line Drive, 5, EV 69.4 MPH)
Top of the 6th over - 0 runs, 2 hits, 0 errors, 3 left on base; Windy City 0 - Hamilton 0
BOTTOM OF THE 6TH
Hamilton Cardinals batting - Pitching for Windy City ThunderBolts : RHP Ryan Burson
Now in LF: Jay Harrison
Now in RF: Armando Vazquez
Batting: RHB Edgar Klockow 0-0: Called Strike
0-1: Called Strike
0-2: Strikes out swinging
Batting: RHB Nick Latulippe 0-0: Called Strike
0-1: Ball
1-1: Ball
2-1: SINGLE (Groundball, 34D, EV 96.2 MPH)
Batting: RHB Tyler Walker 0-0: Ball
Nick Latulippe is caught stealing 2nd base 2-4
1-0: SINGLE (Line Drive, 4D, EV 102.5 MPH)
Batting: LHB Travis Ruppel 0-0: Ball
1-0: Fly out, F7 (Flyball, 78M, EV 87.5 MPH)
Bottom of the 6th over - 0 runs, 2 hits, 0 errors, 1 left on base; Windy City 0 - Hamilton 0
TOP OF THE 7TH
Windy City ThunderBolts batting - Pitching for Hamilton Cardinals : LHP Andy Fitzsimmons
Pitching: RHP Jung-joon Chon
Batting: SHB Alfie Bungledorf 0-0: Called Strike
0-1: Foul Ball, location: 2F
0-2: Ball
1-2: Strikes out swinging, 2-3 out at first.
Batting: RHB Mario Gomez 0-0: Ball
1-0: Fly out, F7 (Flyball, 7D, EV 103.8 MPH)
Batting: LHB Adam Tarbutton 0-0: Called Strike
0-1: Ball
1-1: Foul Ball, location: 2F
1-2: Ball
2-2: Strikes out swinging
Top of the 7th over - 0 runs, 0 hits, 0 errors, 0 left on base; Windy City 0 - Hamilton 0
BOTTOM OF THE 7TH
Hamilton Cardinals batting - Pitching for Windy City ThunderBolts : RHP Ryan Burson
Batting: RHB Chris LaReau 0-0: Ball
1-0: Ball
2-0: Ball
3-0: Called Strike
3-1: Called Strike
3-2: Strikes out swinging
Batting: LHB Jorge Zarazua 0-0: SINGLE (Line Drive, 78S, EV 100.0 MPH)
Batting: RHB Richard Riggs 0-0: Ball
Jorge Zarazua steals 2nd base
1-0: 2-RUN HOME RUN (Flyball, 89XD, EV 110.6 MPH), Distance : 429 ft
Batting: LHB Ivan Cortez 0-0: SINGLE (Groundball, 3S, EV 66.9 MPH) (infield hit)
Batting: RHB Joe Myers 0-0: SINGLE (Groundball, 5S, EV 65.6 MPH) (infield hit)
Ivan Cortez to second
Batting: RHB Edgar Klockow 0-0: Ball
Wild Pitch!
Ivan Cortez to third
Joe Myers to second
1-0: 3-RUN HOME RUN (Flyball, 7LD, EV 98.1 MPH), Distance : 362 ft
Pitching: LHP Tom White
Batting: RHB Nick Latulippe 0-0: Ball
1-0: Foul Ball, location: 2F
1-1: Ground out U3 (Groundball, 34S, EV 88.8 MPH)
Batting: RHB Tyler Walker 0-0: Ball
1-0: Ball
2-0: Ball
3-0: Called Strike
3-1: Called Strike
3-2: SINGLE (Line Drive, 56D, EV 108.8 MPH)
Batting: LHB Travis Ruppel 0-0: Ball
1-0: Called Strike
1-1: Called Strike
1-2: Strikes out swinging
Bottom of the 7th over - 5 runs, 6 hits, 0 errors, 1 left on base; Windy City 0 - Hamilton 5
TOP OF THE 8TH
Windy City ThunderBolts batting - Pitching for Hamilton Cardinals : RHP Jung-joon Chon
Batting: LHB Matt Hyde 0-0: Called Strike
0-1: Foul Ball, location: 2F
0-2: Strikes out swinging
Pinch Hitting: LHB Herkko Haavikko 0-0: Swinging Strike
0-1: Swinging Strike
0-2: Ball
1-2: Foul Ball, location: 2F
1-2: Ball
2-2: Foul Ball, location: 2F
2-2: Strikes out swinging
Batting: LHB Justin Stickney 0-0: Ball
1-0: Called Strike
1-1: Ground out 3-1 (Groundball, 34, EV 106.9 MPH)
Top of the 8th over - 0 runs, 0 hits, 0 errors, 0 left on base; Windy City 0 - Hamilton 5
BOTTOM OF THE 8TH
Hamilton Cardinals batting - Pitching for Windy City ThunderBolts : LHP Tom White
Now in LF: Armando Vazquez
Now in RF: Herkko Haavikko
Batting: RHB Chris LaReau 0-0: Ball
1-0: Called Strike
1-1: Foul Ball, location: 2F
1-2: Ball
2-2: Foul Ball, location: 2F
2-2: Strikes out swinging
Batting: LHB Jorge Zarazua 0-0: Ball
1-0: Ball
2-0: Ball
3-0: Base on Balls
Batting: RHB Richard Riggs 0-0: Fly out, F3 (Popup, 3, EV 63.8 MPH)
Batting: LHB Ivan Cortez 0-0: Swinging Strike
0-1: Foul Ball, location: 2F
0-2: Foul Ball, location: 2F
0-2: Foul Ball, location: 2F
0-2: Foul Ball, location: 2F
0-2: Ball
1-2: Ball
2-2: Ball
3-2: Foul Ball, location: 2F
3-2: Strikes out swinging
Bottom of the 8th over - 0 runs, 0 hits, 0 errors, 1 left on base; Windy City 0 - Hamilton 5
TOP OF THE 9TH
Windy City ThunderBolts batting - Pitching for Hamilton Cardinals : RHP Jung-joon Chon
Batting: RHB Josiah Wright 0-0: Ball
1-0: Ball
2-0: Called Strike
2-1: Foul Ball, location: 2F
2-2: Ball
3-2: Foul Ball, location: 2F
3-2: Foul Ball, location: 2F
3-2: SINGLE (Line Drive, 7S, EV 95.6 MPH)
Batting: RHB Armando Vazquez 0-0: Ball
1-0: Ball
Wild Pitch!
Josiah Wright to second
2-0: Ball
3-0: Called Strike
3-1: Base on Balls
Batting: RHB Vladmiri Nugaibekov 0-0: Called Strike
0-1: Foul Ball, location: 2F
0-2: Ball
1-2: Foul Ball, location: 2F
1-2: Ball
2-2: Foul Ball, location: 2F
2-2: Foul Ball, location: 2F
2-2: Ball
3-2: Base on Balls
Josiah Wright to third
Armando Vazquez to second
Pitching: RHP Jason Meade
Batting: SHB Alfie Bungledorf 0-0: Called Strike
0-1: Ball
1-1: Foul Ball, location: 2F
1-2: Strikes out swinging
Pinch Hitting: SHB Ethan Villalobos 0-0: Ball
1-0: Ball
2-0: Ball
3-0: Called Strike
3-1: Base on Balls
Josiah Wright scores
Armando Vazquez to third
Vladmiri Nugaibekov to second
Batting: LHB Adam Tarbutton 0-0: Foul Ball, location: 2F
0-1: Foul Ball, location: 2F
0-2: Ball
1-2: Foul Ball, location: 2F
1-2: Foul Ball, location: 2F
1-2: Ball
2-2: Ball
3-2: Foul Ball, location: 2F
3-2: Strikes out swinging
Batting: LHB Matt Hyde 0-0: Ball
1-0: Swinging Strike
1-1: Fly out, F7 (Flyball, 7, EV 91.2 MPH)
Top of the 9th over - 1 run, 1 hit, 0 errors, 3 left on base; Windy City 1 - Hamilton 5
Thursday, March 31st , 2022 - OOTP Baseball 22.12 Build 89